 Dungeon Crawl Stone Soup version 0.24-a0-358-g53aee78b01 (webtiles) character file.

Game seed: 17978814581155227969

2794 HAL9000 the Grappler (level 9, 0/64 HPs)
             Began as a Grey Draconian Transmuter on May 25, 2019.
             Was a Believer of Cheibriados.
             Succumbed to a killer bee's poison
             ... on level 9 of the Dungeon.
             The game lasted 00:21:32 (9432 turns).

HAL9000 the Grappler (Grey Draconian Transmuter)    Turns: 9432, Time: 00:21:32

Health: 0/64       AC: 15    Str: 19    XL:     9   Next: 43%
Magic:  6/12       EV: 12    Int: 19    God:    Cheibriados [**....]
Gold:   363        SH:  0    Dex: 18    Spells: 1/12 levels left

rFire    . . .     SeeInvis .     - Unarmed
rCold    . . .     Gourm    .   (no shield)
rNeg     . . .     Faith    .   (armour unavailable)
rPois    .         Spirit   .   (helmet restricted)
rElec    .         Reflect  .   s - +2 cloak
rCorr    .         Harm     .   (no gloves)
MR       .....                  (no boots)
Stlth    +++.......             (no amulet)
HPRegen  0.20/turn              E - ring of stealth
MPRegen  0.13/turn              z - ring of wizardry

@: lethally poisoned (0 -> -3), very slightly contaminated, starving, very slow
A: walk through water, unfitting armour, unbreathing, cold-blooded, AC +12
a: Bend Time, Renounce Religion


You were on level 9 of the Dungeon.
You worshipped Cheibriados.
Cheibriados was pleased with you.
You were starving.

You visited 2 branches of the dungeon, and saw 10 of its levels.

You collected 501 gold pieces.
You spent 138 gold pieces at shops.

Inventory:

Missiles
 a - 290 arrows
 q - 4 javelins (quivered)
 y - 4 silver boomerangs
 J - a throwing net
 K - 5 boomerangs
Armour
 r - a +0 buckler
 s - a +2 cloak (worn)
Jewellery
 f - an uncursed ring of fire
 z - a ring of wizardry (right hand)
 E - a ring of stealth (left hand)
 F - an uncursed ring of see invisible
Wands
 C - a wand of scattershot (5)
Scrolls
 d - 4 scrolls of amnesia
 g - 2 scrolls of enchant armour {unknown}
 h - a scroll of noise {unknown}
 i - 3 scrolls of remove curse
 j - a scroll of immolation {unknown}
 m - 4 scrolls of magic mapping {unknown}
 u - 2 scrolls of random uselessness {unknown}
 x - 3 scrolls of teleportation
 D - a scroll of torment {unknown}
 G - 3 scrolls of identify
 I - a scroll of silence {unknown}
 L - a scroll of fog {unknown}
Potions
 b - 5 potions of heal wounds
 e - 4 potions of might
 k - 2 potions of brilliance {unknown}
 l - 2 potions of curing
 n - a potion of berserk rage
 o - a potion of flight {unknown}
 p - a potion of magic
 t - 2 potions of agility
 v - 2 potions of lignification
 w - 2 potions of degeneration {unknown}
 A - a potion of cancellation {unknown}
 B - a potion of mutation {unknown}
Comestibles
 c - 21 rations


   Skills:
 - Level 1.1 Fighting
 - Level 1.7 Dodging
 - Level 10.0 Unarmed Combat
 - Level 2.0 Spellcasting
 + Level 9.1 Transmutations


You had one spell level left.
You knew the following spells:

 Your Spells              Type           Power        Failure   Level  Hunger
a - Beastly Appendage     Tmut           #####.       1%          1    #......
b - Sticks to Snakes      Tmut           #####...     1%          2    ###....
c - Spider Form           Tmut/Pois      ###.......   3%          3    ###....
d - Blade Hands           Tmut           #####.....   4%          5    ######.

Your spell library contained the following spells:

 Spells                   Type           Power        Failure   Level  Hunger
 Confusing Touch          Hex            #.....       7%          1    #......
 Corona                   Hex            #......      7%          1    #......
 Ensorcelled Hibernation  Hex/Ice        #.....       11%         2    ###....
 Ice Form                 Ice/Tmut       ###.....     11%         4    #####..
 Petrify                  Tmut/Erth      ###.....     11%         4    #####..
 Confuse                  Hex            #.......     21%         3    ###....
 Dazzling Spray           Conj/Hex       #.....       21%         3    ###....
 Gell's Gravitas          Tloc           #.........   21%         3    ###....
 Tukima's Dance           Hex            #.......     21%         3    ###....
 Yara's Violent Unravell  Hex/Tmut       ###.......   28%         5    ######.
 Metabolic Englaciation   Hex/Ice        #.........   86%         5    ######.


Dungeon Overview and Level Annotations

Branches:
Dungeon (9/15)             Temple (1/1) D:5
   Lair: D:8-11         Orc: D:9-12

Altars:
Ashenzari
Cheibriados
Dithmenos
Elyvilon
Fedhas
Gozag
Hepliaklqana
Kikubaaqudgha
Makhleb
Nemelex Xobeh
Okawaru
Qazlal
Ru
Sif Muna
Trog
Uskayaw
Vehumet
Wu Jian
Xom
Zin
The Shining One

Shops:
D:7 **


Innate Abilities, Weirdness & Mutations

You can walk through water.
Your dull iron-grey scales are very hard. (AC +12)
You cannot fit into any form of body armour.
You can survive without breathing.
You are cold-blooded and may be slowed by cold attacks.


Message History

The killer bee closely misses you.
Unknown command.
As you read the scroll of teleportation, it crumbles to dust.
You feel strangely unstable.
* * * LOW HITPOINT WARNING * * *
You feel sick. The killer bee closely misses you.
The kobold hits you but does no damage.
The killer bee stings you but does no damage.
Unknown command.
* * * LOW HITPOINT WARNING * * *
You feel sick. The killer bee barely misses you.
The killer bee closely misses you. The kobold misses you.
The killer bee closely misses you. The kobold barely misses you.
Your surroundings suddenly seem different.
* * * LOW HITPOINT WARNING * * *
You feel sick.
Found a ration, a murky orange potion and a ring mail.
A scorpion and 2 orcs come into view.
Unknown command.
You die...

........#...#.#
..(.....).#.#.###
.......[))h.((...
.##.######.<#..tY #.
##[..Ky.
####.#######.#.#..
#.. ..............
#.# h########..###
##@##.## .......
#...%..# ........
#........# ........
#...........y........
#o..........# .....
#......o.!.##
#.........s#
.........[.#
.##..........


You could see a scorpion (sleeping) and 2 orcs.

Vanquished Creatures
  A hippogriff (D:7)
  Eustachio (D:4)
  A yak (D:9)
  2 orc warriors
  An ice beast (D:5)
  3 ogres
  A black bear (D:6)
  4 centaurs
  A crocodile (D:8)
  A big kobold (D:9)
  A bullfrog (D:6)
  2 jellies
  A scorpion (D:7)
  2 killer bees
  2 wights
  A centaur zombie (D:5)
  A crimson imp (D:5)
  3 hounds
  3 orc wizards
  4 orc priests
  Crazy Yiuf (D:4)
  2 iguanas
  6 worker ants
  A hound zombie (D:5)
  A howler monkey skeleton (D:4)
  A worker ant zombie (D:6)
  A gnoll (D:7)
  8 adders
  A shadow imp (D:5)
  3 oozes
  An adder skeleton (D:4)
  3 worms
  2 dart slugs
  5 leopard geckos
  29 orcs
  5 bats
  2 giant cockroaches
  3 goblins (D:1)
  7 hobgoblins
  15 jackals
  13 kobolds
  4 quokkas
  A ball python (D:5)
  11 frilled lizards
  A quokka skeleton (D:6)
  9 rats
172 creatures vanquished.

Notes
Turn   | Place    | Note
-------+----------+-------------------------------------------
     0 | D:1      | HAL9000 the Draconian Transmuter began the quest for the
                  | Orb.
     0 | D:1      | Reached XP level 1. HP: 16/16 MP: 3/3
   576 | D:1      | Reached XP level 2. HP: 19/23 MP: 3/5
   631 | D:1      | Learned a level 2 spell: Sticks to Snakes
  1232 | D:2      | Reached skill level 4 in Unarmed Combat
  1232 | D:2      | Reached XP level 3. HP: 13/28 MP: 4/6
  1393 | D:2      | Learned a level 3 spell: Spider Form
  1465 | D:2      | Reached XP level 4. HP: 16/35 MP: 5/7
  2341 | D:3      | Found a white marble altar of Elyvilon.
  2358 | D:3      | Reached skill level 5 in Unarmed Combat
  2358 | D:3      | Reached XP level 5. HP: 39/40 MP: 5/8
  2725 | D:3      | Found a shadowy altar of Dithmenos.
  3211 | D:3      | Reached XP level 6. HP: 17/47 MP: 2/9
  3534 | D:4      | Found a white marble altar of Elyvilon.
  3570 | D:4      | Reached skill level 6 in Unarmed Combat
  3587 | D:4      | Noticed Eustachio
  3611 | D:4      | Killed Eustachio
  3698 | D:4      | Found a sparkling altar of Nemelex Xobeh.
  3758 | D:4      | Reached skill level 7 in Unarmed Combat
  3758 | D:4      | Your scales start taking on a dull iron-grey colour.
  3758 | D:4      | Reached XP level 7. HP: 42/52 MP: 5/10
  3758 | D:4      | Gained mutation: You can survive without breathing. [Grey
                  | Draconian growth]
  3896 | D:4      | Found a runed translucent door.
  3897 | D:4      | Noticed Crazy Yiuf
  3980 | D:4      | Killed Crazy Yiuf
  4247 | D:5      | Entered Level 5 of the Dungeon
  4555 | D:5      | Reached skill level 8 in Unarmed Combat
  5043 | D:5      | Found a glowing golden altar of the Shining One.
  5146 | D:5      | Found a staircase to the Ecumenical Temple.
  5170 | Temple   | Entered the Ecumenical Temple
  5179 | Temple   | Became a worshipper of Cheibriados the Contemplative
  5193 | D:5      | Reached XP level 8. HP: 47/59 MP: 9/11
  5212 | D:5      | Learned a level 5 spell: Blade Hands
  5472 | D:5      | Reached skill level 5 in Transmutations
  5804 | D:5      | Reached skill level 9 in Unarmed Combat
  6516 | D:6      | Found a blossoming altar of Fedhas.
  6866 | D:7      | Reached * piety under Cheibriados
  6915 | D:7      | Found Joquom's General Store.
  6969 | D:7      | Bought a scroll of teleportation for 48 gold pieces
  7057 | D:7      | Reached skill level 10 in Unarmed Combat
  7219 | D:7      | Found Eqiuno's General Store.
  7227 | D:7      | Bought a scroll of blinking for 90 gold pieces
  7265 | D:7      | Noticed a hippogriff
  7273 | D:7      | Killed a hippogriff
  7771 | D:8      | Reached XP level 9. HP: 64/64 MP: 6/12
  7982 | D:8      | Found an ornate altar of the Wu Jian Council.
  8574 | D:9      | Reached ** piety under Cheibriados
  9428 | D:9      | HP: 3/64 [killer bee (2)]
  9431 | D:9      | HP: 1/64 [poisoned by a killer bee]
  9432 | D:9      | Succumbed to a killer bee's poison

Levels and vault maps discovered:
D:1:      dpeg_arrival_signposts, layout_loops_cross
D:2:      layout_loops_ring, minmay_indecisive_spiral
D:3:      layout_basic, old_standard_altar, lemuel_statue_altar
D:4:      layout_gridville, nemelex_xobeh_ov_fountains_minmay,
          kennysheep_mini_moat, first_ration, minmay_misc_feat_iff,
          uniq_crazy_yiuf_cottage, uniq_eustachio
D:5:      layout_basic, nicolae_overflow_crystal_walls,
          minmay_temple_entry_offerings, gup_sewer_entry_bowl, minmay_bent
D:6:      layout_cave_pods, fedhas_altar_1
D:7:      layout_loops_ring, serial_shops, shop, kennysheep_windowed_goal,
          uniq_joseph
D:8:      layout_loops_corners, kennysheep_little_box, grunt_ogre_cave,
          ebering_dispersal_statue_hall
D:9:      layout_rooms, lemuel_zombie_altar_yredelemnul, serial_shops,
          nicolae_shop_competitors_out_of_business
Temple:   nicolae_temple_no_exploring_needed

Skill      XL: |  1  2  3  4  5  6  7  8  9 |
---------------+----------------------------+-----
Unarmed Combat | 4 5 7 8 10 | 10.0
Transmutations | 3 4 7 9 |  9.1
Fighting       | |  1.1
Dodging        | |  1.7
Spellcasting   | |  2.0

Action                   |  1- 3 |  4- 6 |  7- 9 || total
-------------------------+-------+-------+-------++-------
Melee: Unarmed           |    85 |   238 |   266 ||   589
       Headbutt          |     7 |     4 |       ||    11
       Tailslap          |     6 |    17 |    23 ||    46
       Kick              |     2 |     4 |     5 ||    11
       Punch             |     1 |     2 |    10 ||    13
 Cast: Beastly Appendage |    13 |    13 |     3 ||    29
       Spider Form       |       |    10 |    16 ||    26
       Blade Hands       |       |       |     6 ||     6
 Abil: End Transformatio |       |     2 |     6 ||     8
  Use: Potion            |       |     2 |       ||     2
       Scroll            |       |       |     9 ||     9
 Stab: Sleeping          |       |     1 |     1 ||     2
  Eat: Chunk             |     1 |    10 |    18 ||    29
Armor: Skin              |    17 |    78 |    97 ||   192
Dodge: Dodged            |    62 |   209 |   228 ||   499

Table legend:
 A = Non-vault XP
 B = Vault XP
 C = Vault XP percentage of total XP
 D = Non-vault monster count
 E = Vault monster count
 F = Vault count percentage of total count
                 A         B        C        D         E       F
            +---------+---------+-------+---------+---------+-------
      Total |    3364 |     628 |  15.7 |     155 |      17 |   9.9
            +---------+---------+-------+---------+---------+-------
        D:1 |      28 |       0 |   0.0 |      13 |       0 |   0.0
        D:2 |     117 |      18 |  13.3 |      21 |       4 |  16.0
        D:3 |     221 |       0 |   0.0 |      32 |       0 |   0.0
        D:4 |     215 |     247 |  53.5 |      21 |       2 |   8.7
        D:5 |     569 |     229 |  28.7 |      18 |       8 |  30.8
        D:6 |     402 |       0 |   0.0 |       9 |       0 |   0.0
        D:7 |     612 |      16 |   2.5 |      10 |       2 |  16.7
        D:8 |     458 |     118 |  20.5 |       9 |       1 |  10.0
        D:9 |     742 |       0 |   0.0 |      22 |       0 |   0.0
            +---------+---------+-------+---------+---------+-------
